 Dungeon Crawl Stone Soup version 0.18-a0-1718-g40ea4b6 (webtiles) character file.

86 Geeful the Insei (level 4, -6/29 HPs)
             Began as an Octopode Transmuter on Apr 7, 2016.
             Mangled by Sixotanaka's ghost (9 damage)
             ... on level 3 of the Dungeon.
             The game lasted 00:05:31 (2860 turns).

Geeful the Insei (Octopode Transmuter)              Turns: 2860, Time: 00:05:32

Health: -6/29      AC:  1    Str: 14    XL:     4   Next: 50%
Magic:  7/7        EV: 13    Int: 15    God:
Gold:   90         SH:  0    Dex: 13    Spells: 3 memorised, 2 levels left

rFire  . . .     SeeInvis .       - Unarmed
rCold  . . .     Gourm    .     (no shield)
rNeg   . . .     Faith    .     (helmet restricted)
rPois  .         Spirit   .     (no amulet)
rElec  .         Dismiss  .     (no ring)
rCorr  .         Reflect  .     (no ring)
SustAt .         Harm     .     (no ring)
MR     .....                    (no ring)
Stlth  ++........               (no ring)
                                (no ring)
                                (no ring)
                                (no ring)

@: mighty, not resistant to hostile enchantments, unstealthy
A: almost no armour, amphibious, 8 rings, constrict 8, camouflage 1,
regeneration 1, gelatinous body 1, evolution 1, subdued magic 1
a: no special abilities


You were on level 3 of the Dungeon.
You were not hungry.

You visited 1 branch of the dungeon, and saw 3 of its levels.

You collected 90 gold pieces.

Inventory:

Missiles
 a - 11 arrows
Scrolls
 d - a scroll of fear {unknown}
 e - a scroll of identify {unknown}
 h - a scroll of enchant armour {unknown}
 l - a scroll of recharging {unknown}
 n - a scroll of teleportation {unknown}
 o - a scroll of amnesia {unknown}
Potions
 g - a potion of might
Books
 b - a book of Changes

   Spells                             Type                      Level
   a - Beastly Appendage              Transmutation                1
   b - Sticks to Snakes               Transmutation                2
   c - Spider Form                    Transmutation/Poison         3
   d - Ice Form                       Ice/Transmutation            4
   e - Blade Hands                    Transmutation                5
Comestibles
 c - 2 bread rations
 m - a meat ration


   Skills:
 + Level 2.2 Fighting
 + Level 2.6 Dodging
 + Level 3.3 Unarmed Combat
 + Level 2.6 Spellcasting
 + Level 2.6 Transmutations


You had 2 spell levels left.
You knew the following spells:

 Your Spells              Type           Power        Failure   Level  Hunger
a - Beastly Appendage     Trmt           #.....       8%          1    #......
b - Sticks to Snakes      Trmt           #.......     10%         2    ###....
c - Spider Form           Trmt/Pois      #.........   38%         3    ###....


Dungeon Overview and Level Annotations

Branches:
Dungeon (3/15)

Altars:
Okawaru

Annotations:
D:3 Sixotanaka's ghost, weakling DgWn


Innate Abilities, Weirdness & Mutations

You cannot wear most types of armour.
You are amphibious.
You can wear up to eight rings at the same time.
You can use your tentacles to constrict eight enemies at once.
Your skin changes colour to match your surroundings (Stealth).
Your rubbery body absorbs attacks (AC +1).
Your natural rate of healing is unusually fast.
You evolve.
Your spells are a little easier to cast, but a little less powerful.


Message History

You tentacle-slap Sixotanaka's ghost but do no damage.
Your squeeze misses Sixotanaka's ghost.
Sixotanaka's ghost is severely damaged.
Sixotanaka's ghost hits you!
* * * LOW HITPOINT WARNING * * *
Drink which item? (? for menu, Esc to quit)
It was a potion of mutation.
You feel extremely strange.
You feel nature experimenting on you.
Don't worry, failures die fast.
Your connection to magic feels subdued.
You begin to heal more quickly.
Sixotanaka's ghost hits you.
* * * LOW HITPOINT WARNING * * *
Drink which item? (? for menu, Esc to quit)
It was a potion of magic.
Magic courses through your body.
Sixotanaka's ghost hits you but does no damage.
You tentacle-slap Sixotanaka's ghost but do no damage.
Your tentacle spike misses Sixotanaka's ghost.
Sixotanaka's ghost is severely damaged.
Your tentacle spike disappears.
Sixotanaka's ghost hits you!
You die...

###########
#.####..........
#....W@.<.#
#.####.##....#
.... ###..>#
#..... .##
.......#
.##.....# #
#.....# ###.#.#


You could see Sixotanaka's ghost.

Vanquished Creatures
  An adder (D:2)
  A worm (D:2)
  3 dart slugs
  4 giant geckos
  A ball python (D:1)
  4 giant cockroaches (D:1)
  5 goblins
  6 hobgoblins
  4 jackals (D:1)
  11 kobolds
  5 bats
  2 giant newts
  17 rats
64 creatures vanquished.

Notes
Turn   | Place    | Note
--------------------------------------------------------------
     0 | D:1      | Geeful the Octopode Transmuter began the quest for the Orb.
     0 | D:1      | Reached XP level 1. HP: 13/13 MP: 3/3
   270 | D:1      | Reached XP level 2. HP: 18/18 MP: 5/5
   961 | D:1      | Reached XP level 3. HP: 8/23 MP: 6/6
  1954 | D:1      | Learned a level 2 spell: Sticks to Snakes
  1958 | D:1      | Learned a level 3 spell: Spider Form
  2008 | D:2      | Reached XP level 4. HP: 26/29 MP: 7/7
  2102 | D:2      | Found an iron altar of Okawaru.
  2616 | D:3      | Noticed Sixotanaka's ghost (weakling DgWn)
  2858 | D:3      | Gained mutation: You evolve. [potion of mutation]
  2858 | D:3      | Gained mutation: Your spells are a little easier to cast, but a little less powerful. [potion of mutation]
  2858 | D:3      | Gained mutation: Your natural rate of healing is unusually fast. [potion of mutation]
  2860 | D:3      | Mangled by Sixotanaka's ghost

Vault maps used:
D:1:      erik_arrival_orb_chamber, st_stairs_4
D:2:      okawaru_ov_weapons_minmay
D:3:      kennysheep_the_goblin_king, old_standard_altar, marbit_many_paths,
          first_bread

Skill      XL: |  1  2  3  4 |
---------------+-------------+-----
Fighting       | 2 |  2.2
Dodging        | |  2.6
Unarmed Combat | |  3.3
Spellcasting   | |  2.6
Transmutations | |  2.6

Action                   |  1- 3 |  4- 6 || total
-------------------------+-------+-------++-------
Melee: Unarmed           |   120 |    35 ||   155
 Cast: Beastly Appendage |       |     2 ||     2
       Sticks to Snakes  |       |     1 ||     1
  Use: Potion            |       |     3 ||     3
 Stab: Sleeping          |     5 |     2 ||     7
       Distracted        |       |     1 ||     1
  Eat: Chunk             |     3 |     2 ||     5
       Pizza             |       |     1 ||     1
